 Dungeon Crawl Stone Soup version 0.30-a0-377-g5cb311bc9f (webtiles) character file.

Game seed: 17765274208699143367

134 retardedninja the Trooper (level 4, 0/40 HPs)
             Began as a Draconian Fighter on Nov 30, 2022.
             Slain by an iguana (10 damage)
             ... on level 4 of the Dungeon.
             The game lasted 00:03:27 (2802 turns).

retardedninja the Trooper (Draconian Fighter)       Turns: 2802, Time: 00:03:27

Health: 0/40       AC:  8    Str: 20    XL:     4   Next: 95%
Magic:  4/4        EV: 12    Int:  9    God:
Gold:   213        SH:  4    Dex: 10    Spells: 3/3 levels left

rFire   . . .      SeeInvis .    a - +1 war axe (flame)
rCold   . . .      Faith    .    b - +0 buckler
rNeg    . . .      Spirit   .    (body armour unavailable)
rPois   .          Reflect  .    m - +1 hat
rElec   .          Harm     .    (no cloak)
rCorr   .          Rampage  .    (no gloves)
Will    .....                    p - +1 pair of boots
Stlth   +.........               (no amulet)
HPRegen 0.26/turn                (no ring)
MPRegen 0.09/turn                (no ring)

@: no status effects
A: AC +5, unfitting armour, cold-blooded
a: no special abilities


You were on level 4 of the Dungeon.
You visited 1 branch of the dungeon, and saw 4 of its levels.

You collected 213 gold pieces.

Inventory:

Hand Weapons
 a - a +1 war axe of flaming (weapon)
Armour
 b - a +0 buckler (worn)
 m - a +1 hat (worn)
 p - a +1 pair of boots (worn)
Jewellery
 q - a ring of resist corrosion
Scrolls
 e - 5 scrolls of fog
 l - a scroll of teleportation
Potions
 c - a potion of might
 d - 3 potions of brilliance
 h - 3 potions of curing
 j - 3 potions of heal wounds
 o - a potion of haste


   Skills:
 + Level 4.1 Fighting
 + Level 3.1 Axes
 + Level 3.4 Dodging
 + Level 3.8 Shields


You had 3 spell levels left.
You didn't know any spells.
Your spell library was empty.

Dungeon Overview and Level Annotations

Branches:
Dungeon (4/15)
 Temple: D:4-7

Altars:

Shops:
D:2 =


Innate Abilities, Weirdness & Mutations

Your plain brown scales are hard. (AC +5)
You cannot fit into any form of body armour.
You are cold-blooded and may be slowed by cold attacks.


Message History

The iguana bites you.
The endoplasm hits you but does no damage.
You barely miss the iguana. You hit the endoplasm but do no damage.
The iguana barely misses you. The endoplasm freezes you.
You are frozen.
You feel yourself slow down. The endoplasm freezes you.
You are frozen.
The iguana misses you.
You hit the iguana. You burn the iguana.
Your tail-slap misses the iguana.
The iguana is moderately wounded.
You barely miss the endoplasm.
You feel yourself speed up. You block the iguana's attack.
The endoplasm freezes you.
You are frozen.
You feel yourself slow down. The iguana bites you.
The endoplasm barely misses you.
You slash the iguana! You burn the iguana.
Your tail-slap misses the iguana.
The iguana is almost dead.
You hit the endoplasm. You burn the endoplasm.
You feel yourself speed up. The iguana bites you. The endoplasm hits you.
The iguana bites you! The endoplasm hits you.
Unknown command.
You are too injured to fight recklessly!
Unknown command.
You are too injured to fight recklessly!
You are too injured to fight recklessly!
You barely miss the endoplasm. You tail-slap the endoplasm.
You kill the endoplasm!
You hit the iguana but do no damage. The iguana bites you.
You hit the orc. You burn the orc.
Your tail-slap misses the orc.
The orc is severely wounded.
You hit the iguana but do no damage. You block the iguana's attack.
The orc hits you with a +0 hand axe. The iguana bites you.
* * * LOW HITPOINT WARNING * * *
The orc barely misses you.
You hit the orc. You burn the orc.
You kill the orc!
You barely miss the iguana. The iguana bites you!
You die...

#.# #.# #.# .
##.# ..
####..### ...
#.......# ....
#.......# .....
#.......##......
#†..<...@)......
#########l......
.?..... .......
.....?. #......
#..... #####


You could see an iguana.

Vanquished Creatures
  A jelly (D:3)
  Robin (D:3)
  An adder (D:2)
  2 worms (D:2)
  A dart slug (D:2)
  An orc (D:4)
  8 ball pythons
  4 bats
  10 endoplasms
  2 giant cockroaches
  11 goblins
  7 hobgoblins
  3 jackals (D:4)
  4 kobolds
  3 quokkas
  3 frilled lizards
  6 rats
68 creatures vanquished.

Notes
Turn   | Place    | Note
-------+----------+-------------------------------------------
     0 | D:1      | retardedninja the Draconian Fighter began the quest for the
                  | Orb.
     0 | D:1      | Reached XP level 1. HP: 19/19 MP: 1/1
   124 | D:1      | Reached XP level 2. HP: 26/26 MP: 2/2
   830 | D:2      | Reached XP level 3. HP: 33/33 MP: 3/3
  1078 | D:2      | Found Meg Tanu's Jewellery Emporium.
  1468 | D:2      | Reached XP level 4. HP: 38/40 MP: 4/4
  1483 | D:2      | Found a faded altar of an unknown god.
  1947 | D:3      | Reached skill level 4 in Fighting
  2030 | D:3      | Noticed Robin
  2043 | D:3      | Killed Robin
  2802 | D:4      | Slain by an iguana

Illustrated notes

Levels and vault maps discovered:
D:1:      dpeg_arrival_round_b, layout_loops_ring
D:2:      layout_loops_ring, chequers_ecumenical_altar_simple, serial_shops,
          nicolae_shop_trees, kennysheep_donut, kennysheep_potato
D:3:      layout_basic, minmay_door_square, uniq_robin
D:4:      layout_rooms, grunt_temple_overflow_champion_of_chaos, serial_shops,
          nicolae_lakefront_shop, st_stairs_4

Skill      XL: |  1  2  3  4 |
---------------+-------------+-----
Dodging        | 3 |  3.4
Fighting       | 4 |  4.1
Axes           | 3 |  3.1
Shields        | |  3.8

Action                   |  1- 3 |  4- 6 || total
-------------------------+-------+-------++-------
Melee: War axe           |   104 |    65 ||   169
       Tailslap          |    11 |     7 ||    18
  Use: Scroll            |       |    12 ||    12
 Stab: Sleeping          |     1 |       ||     1
Armor: Skin              |    35 |    27 ||    62
Dodge: Dodged            |    63 |    34 ||    97
Block: Buckler           |    24 |    21 ||    45

Table legend: (Time is in decaauts)
 A = Elapsed time spent in this place.
 B = Non-inter-level travel time spent in this place.
 C = Inter-level travel time spent in this place.
 D = Time resting spent in this place.
 E = Time spent auto-exploring this place.
 F = Levels seen in this place.
 G = Mean time per level.
                   A        B        C        D        E       F      G
               +--------+--------+--------+--------+--------+-----+--------+
         Total |   2874 |   2732 |    142 |    200 |   2058 |   4 |  718.5 |
       Dungeon |   2874 |   2732 |    142 |    200 |   2058 |   4 |  718.5 |
               +--------+--------+--------+--------+--------+-----+--------+

Top non-repeatable levels by time:
     D:3: 1121 daAuts
     D:2: 871 daAuts
     D:1: 841 daAuts
     D:4: 41 daAuts
